 Dungeon Crawl Stone Soup version 0.28-a0-1074-g3cb2360906 (webtiles) character file.

Game seed: 6853234109352899074

172672 AvatarAndi78 the Peltast (level 17, 0/154 HPs)
             Began as a Minotaur Berserker on Dec 9, 2021.
             Was the Champion of Trog.
             Succumbed to a deep elf blademaster's poison
             ... on level 3 of the Elven Halls.
             The game lasted 01:29:31 (32319 turns).

AvatarAndi78 the Peltast (Minotaur Berserker)      Turns: 32319, Time: 01:29:32

Health: 0/154      AC: 34    Str: 34    XL:     17   Next: 41%
Magic:  4/4        EV:  8    Int:  7    God:    Trog [******]
Gold:   1374       SH: 27    Dex: 12    Spells: 16/16 levels left

rFire   . . .      SeeInvis .   z - +9 broad axe (antimagic)
rCold   . . .      Faith    .   L - +2 tower shield
rNeg    . . .      Spirit   .   m - +3 crystal plate armour
rPois   .          Reflect  +   (helmet restricted)
rElec   .          Harm     .   s - +2 cloak {Will+}
rCorr   .          Rampage  .   D - +1 pair of gloves {hurl}
Will    ++++.                   P - +0 pair of boots
Stlth   ..........              w - amulet of reflection
HPRegen 0.35/turn               d - ring of the Mage {Wiz Will++ Int+3}
MPRegen 0.09/turn               B - +6 ring of strength

@: lethally poisoned (0 -> -5), on berserk cooldown, slowed, very slow
A: horns 2, retaliatory headbutt, low mp 1
a: Renounce Religion, Berserk, Trog's Hand, Brothers in Arms


You were on level 3 of the Elven Halls.
You worshipped Trog.
Trog was exalted by your worship.
You visited 4 branches of the dungeon, and saw 25 of its levels.
You also visited: Bailey and Ice Cave.

You collected 3136 gold pieces.
You spent 1762 gold pieces at shops.

Inventory:

Hand Weapons
 b - the +6 broad axe "Lyulo" {vorpal, Str+4}
   (Trog gifted it to you on level 6 of the Lair of Beasts)

   It inflicts extra damage upon your enemies.
   Str:       It affects your strength (+4).
 o - a +9 scimitar of flaming
 z - a +9 antimagic broad axe (weapon)
 K - the +7 spear "Igud" {freeze, Int+4 SInv}
   (You found it in an ice cave)

   It freezes those it strikes, dealing additional cold damage.
   It can also slow down cold-blooded creatures.
   Int:       It affects your intelligence (+4).
   SInv:      It lets you see invisible.
Missiles
 e - 24 boomerangs
 v - 15 javelins (quivered)
 G - 6 boomerangs of dispersal
Armour
 m - a +3 crystal plate armour (worn)
 s - a +2 cloak of willpower (worn)
 D - a +1 pair of gloves of hurling (worn)
 L - a +2 tower shield (worn)
 M - a +0 crystal plate armour of cold resistance
 P - a +0 pair of boots (worn)
Jewellery
 d - the ring of the Mage (left hand) {Wiz Will++ Int+3}
   (You found it in a bailey)

   [ring of wizardry]

   It improves your spell success rate.
   Int:       It affects your intelligence (+3).
   Will:      It greatly increases your willpower.
 h - a ring of ice
 i - a ring of resist corrosion
 u - the ring "Owexei" {Ice rN++ Will- Int+5}
   (You found it on level 1 of the Lair of Beasts)

   [ring of ice]

   It enhances your ice magic.
   Int:       It affects your intelligence (+5).
   rF:        It makes you vulnerable to fire.
   rC:        It protects you from cold.
   rN:        It greatly protects you from negative energy.
   Will:      It decreases your willpower.
 w - an amulet of reflection (around neck)
 B - a +6 ring of strength (right hand)
 F - a ring of fire
 I - a ring of protection from cold
Wands
 a - a wand of iceblast (6)
 f - a wand of paralysis (4)
 g - a wand of flame (45)
 k - a wand of digging (9)
 x - a wand of polymorph (4)
 C - a wand of mindburst (9)
Scrolls
 n - a scroll of fog
 p - 2 scrolls of holy word
 r - 4 scrolls of blinking
 t - 12 scrolls of teleportation
 y - 5 scrolls of fear
 A - 4 scrolls of magic mapping
 E - a scroll of enchant weapon
 J - 5 scrolls of identify
 Q - 3 scrolls of brand weapon
Potions
 c - 8 potions of curing
 j - 3 potions of flight
 l - 4 potions of heal wounds
 q - a potion of mutation
 H - 2 potions of haste
 N - 3 potions of might
 O - a potion of cancellation


   Skills:
 + Level 14.8 Fighting
 + Level 14.2 Long Blades
 + Level 16.3(16.4) Axes
 + Level 2.0(10.8) Polearms
 * Level 12.2 Throwing
 + Level 15.3 Armour
 + Level 5.5 Dodging
 + Level 2.6 Stealth
 + Level 18.8 Shields


You had 16 spell levels left.
You didn't know any spells.
Your spell library was empty.

Dungeon Overview and Level Annotations

Branches:
Dungeon (14/15)            Temple (0/1) D:7            Lair (6/6) D:8
  Swamp (0/4) Lair:4        Snake (0/4) Lair:3        Slime (0/5) Lair:6
    Orc (2/2) D:12            Elf (3/3) Orc:2        Vaults (0/5) D:14
 Bailey (visited)           IceCv (visited)

Altars:
Ashenzari
Cheibriados
Dithmenos
Fedhas
Kikubaaqudgha
Makhleb
Nemelex Xobeh
Okawaru
Qazlal
Trog
Vehumet
Xom
The Shining One
Jiyva

Shops:
D:7 (   D:9 ?   D:10 !   Orc:2 [:(*:   Elf:2 *[([   Elf:3 (


Innate Abilities, Weirdness & Mutations

You have a pair of horns on your head.
You reflexively headbutt those who attack you in melee.
Your magical capacity is low. (-10% MP)


Message History

The smoke demon hits you but does no damage.
The deep elf blademaster hits you but does no damage. x2
The deep elf demonologist casts a spell.
You slice the deep elf blademaster!!
The deep elf blademaster is almost dead.
You hit the Executioner.
The Executioner's magic leaks into the air.
You slice the smoke demon!!
The smoke demon's magic leaks into the air.
You feel sick. You block the Executioner's attack. x2
The Executioner closely misses you.
The Executioner falters for a moment.
You block the deep elf blademaster's attack.
The deep elf blademaster hits you but does no damage.
You chop the deep elf blademaster into pieces!!!
You kill the deep elf blademaster!
Trog accepts your kill.
You slice the Executioner!!
You kill the Executioner!
The Executioner disappears in a puff of smoke!
You slash the smoke demon!
The smoke demon's magic leaks into the air.
You feel sick. The smoke demon gestures at you. Something smites you!
* * * LOW HITPOINT WARNING * * *
The Ice Fiend is engulfed in blazing flames.
You feel sick. You block the Executioner's attack. The Executioner hits you!
* * * LOW HITPOINT WARNING * * *
You block the Executioner's attack.
The Ice Fiend is engulfed in blazing flames.
You feel a strong urge to attack something.
* * * LOW HITPOINT WARNING * * *
You feel sick. You block the Executioner's attack.
The Executioner barely misses you. You block the Executioner's attack.
There is a stone staircase leading up here.
You are no longer berserk.
You are exhausted.
You feel yourself slow down.
Your skin stops crawling.
You feel less strong-willed.
You die...

#### ...## ....## ##
.....## ########.. ......#
##### #.........
.P....###...#######32.....#
......'.........@1Ee1.....#
.....###.^^########4.°....+
....## #...# #e.°....#
...## ##### #e4.°...# ####
#.(....... ####.###.. ..# #
#e# .☼


You could see an Ice Fiend (summoned), a hell beast (summoned), a deep elf death
mage, an Executioner (summoned, fast), a smoke demon (summoned), a fire
elemental and a red devil (summoned).

Vanquished Creatures
  2 deep elf blademasters (Elf:3)
  Rupert (D:13)
  Frances (D:13)
  2 deep elf sorcerers (Elf:3)
  An orc warlord (Orc:2)
  A deep elf elementalist (Elf:1)
  A reaper (IceCv)
  The ghost of wpisznazwe the Phalangite, a journeyman MfMo of Yredelemnul (Orc:1)
  Nessos (D:14)
  Azrael (D:13)
  A dire elephant (Lair:1)
  2 deep elf annihilators
  A deep elf death mage (Elf:3)
  An ettin (Orc:1)
  Fannar (D:10)
  A deep elf high priest (Elf:1)
  Erolcha (D:9)
  2 boulder beetles
  8 vault guards (D:14)
  3 catoblepae
  4 centaur warriors
  12 hydras
  Erica (D:8)
  A death knight (D:14)
  7 two-headed ogres
  A deep troll shaman (Lair:6)
  22 dancing weapons
  15 death yaks
  4 orc high priests (Orc:2)
  Urug (Lair:3)
  16 deep elf knights
  Sonja (D:11)
  Nergalle (Orc:1)
  6 skeletal warriors (D:14)
  2 goliath frogs (Lair:4)
  11 deep elf archers
  Pikel (D:4)
  A swamp dragon (Lair:4)
  A phantasmal warrior (D:14)
  6 orc knights
  30 deep elf zephyrmancers
  2 cyclopes
  25 deep elf pyromancers
  2 oklob plants (Lair:5)
  An ugly thing (D:13)
  8 orc sorcerers
  5 manticores
  2 ice statues (IceCv)
  10 elephants
  7 black mambas
  11 cane toads
  3 gargoyles
  A torpor snail (Lair:2)
  An unseen horror (D:10)
  A cane toad (shapeshifter) (D:13)
  5 rime drakes
  2 kobold demonologists (D:12)
  6 komodo dragons
  A yaktaur (D:11)
  An entropy weaver simulacrum (IceCv)
  3 freezing wraiths (D:14)
  8 ice devils (IceCv)
  6 trolls
  4 polar bears
  A tyrant leech (Lair:4)
  9 slime creatures
  2 hornets (D:9)
  20 blink frogs
  A meliai zombie (D:10)
  11 dream sheep
  A snapping turtle (shapeshifter) (Elf:3)
  3 air elementals (Elf:1)
  2 water elementals (Elf:2)
  Sigmund (D:2)
  A wyvern (Lair:4)
  2 wraiths
  2 humans (D:8)
  42 yaks
  5 steam dragons
  9 fire elementals
  5 basilisks
  Grum (D:8)
  A death yak simulacrum (IceCv)
  13 vampire mosquitoes
  A harpy simulacrum (IceCv)
  5 wargs
  2 swamp worms (Lair:4)
  14 water moccasins
  2 hell hounds (D:13)
  An acid dragon (D:14)
  An ice beast (D:7)
  37 orc warriors
  4 black bears
  3 necrophages
  3 swamp drakes (Lair:4)
  A black bear (shapeshifter) (D:11)
  A boggart (D:11)
  4 sky beasts
  6 centaurs
  8 ogres
  10 wolves
  A lemure (D:4)
  A phantom (D:5)
  A kobold brigand (D:12)
  10 bullfrogs
  3 scorpions
  A gnoll sergeant (D:12)
  3 earth elementals
  6 two-headed ogre simulacra
  2 cane toad simulacra (IceCv)
  A water moccasin zombie (D:5)
  9 wights
  An electric eel (Lair:2)
  2 howler monkeys (D:9)
  A crimson imp (D:10)
  A bullfrog zombie (D:6)
  A hound (D:5)
  Crazy Yiuf (D:2)
  2 centaur skeletons
  A jelly (D:5)
  14 orc priests
  A gnoll shaman (D:8)
  4 iguanas
  19 orc wizards
  6 hell rats (Lair:1)
  2 polar bear simulacra (IceCv)
  2 troll simulacra
  5 spriggan simulacra
  3 wolf simulacra
  A hound skeleton (D:5)
  6 adders
  13 gnolls
  3 naga simulacra
  2 river rats (Lair:1)
  8 white imps
  2 ufetubi
  A worm (D:3)
  2 dart slugs (D:3)
  100 orcs
  4 bats
  11 endoplasms
  7 giant cockroaches
  3 goblins
  3 hobgoblins
  4 jackals (D:1)
  6 quokkas
  13 ball pythons
  4 frilled lizards
  10 kobolds
  12 rats
846 creatures vanquished.

Vanquished Creatures (collateral kills)
  2 deep elf pyromancers (Elf:2)
  3 wights (D:9)
5 creatures vanquished.

Vanquished Creatures (others)
  A dancing weapon (Elf:2)
  3 deep elf knights
  A blink frog (Lair:5)
  30 fungi
  25 plants
  5 toadstools (Lair:1)
65 creatures vanquished.

Grand Total: 916 creatures vanquished

Notes
Turn   | Place    | Note
-------+----------+-------------------------------------------
     0 | D:1      | AvatarAndi78 the Minotaur Berserker began the quest for the
                  | Orb.
     0 | D:1      | Reached XP level 1. HP: 19/19 MP: 0/0
   356 | D:1      | Reached XP level 2. HP: 27/27 MP: 1/1
   669 | D:1      | Reached XP level 3. HP: 33/33 MP: 2/2
   755 | D:1      | Reached ** piety under Trog
   823 | D:2      | Noticed Sigmund
  1230 | D:2      | Killed Sigmund
  1231 | D:2      | Reached skill level 5 in Axes
  1231 | D:2      | Reached skill level 1 in Shields
  1231 | D:2      | Reached XP level 4. HP: 20/41 MP: 3/3
  1231 | D:2      | Reached XP level 5. HP: 23/47 MP: 4/4
  1660 | D:2      | Found a faded altar of an unknown god.
  1666 | D:2      | Reached skill level 5 in Fighting
  1877 | D:2      | Found a runed translucent door.
  1878 | D:2      | Noticed Crazy Yiuf
  1943 | D:2      | Killed Crazy Yiuf
  2109 | D:3      | Reached XP level 6. HP: 56/56 MP: 5/5
  2361 | D:3      | Found a radiant altar of Vehumet.
  2426 | D:3      | Found a faded altar of an unknown god.
  2430 | D:3      | Found a sparkling altar of Nemelex Xobeh.
  2588 | D:3      | Reached skill level 2 in Shields
  2616 | D:3      | Found a snail-covered altar of Cheibriados.
  2772 | D:4      | Noticed Pikel
  2779 | D:4      | Reached skill level 1 in Throwing
  2782 | D:4      | Killed Pikel
  2783 | D:4      | Reached skill level 5 in Armour
  2783 | D:4      | Reached skill level 3 in Shields
  2783 | D:4      | Reached XP level 7. HP: 63/63 MP: 6/6
  2872 | D:4      | Reached XP level 8. HP: 70/70 MP: 7/7
  2964 | D:4      | Found a glowing golden altar of the Shining One.
  3232 | D:5      | Entered Level 5 of the Dungeon
  3489 | D:5      | Reached skill level 4 in Shields
  3872 | D:6      | Reached XP level 9. HP: 78/78 MP: 8/8
  3876 | D:6      | Reached *** piety under Trog
  4003 | D:6      | Found a shadowy altar of Dithmenos.
  4061 | D:6      | Reached skill level 5 in Shields
  4112 | D:6      | Reached skill level 5 in Dodging
  4252 | D:6      | Found a bloodstained altar of Trog.
  4583 | D:7      | Reached skill level 10 in Axes
  4586 | D:7      | Reached skill level 6 in Shields
  4712 | D:7      | Found a stormy altar of Qazlal.
  4716 | D:7      | Found a burning altar of Makhleb.
  4718 | D:7      | Found an ancient bone altar of Kikubaaqudgha.
  4718 | D:7      | Found a shimmering altar of Xom.
  4906 | D:7      | Found Jeobbug's Weapon Boutique.
  5044 | D:7      | Found a blossoming altar of Fedhas.
  5181 | D:7      | Found a staircase to the Ecumenical Temple.
  5400 | D:8      | Reached XP level 10. HP: 86/86 MP: 9/9
  5456 | D:8      | Found an iron altar of Okawaru.
  5484 | D:8      | Reached skill level 7 in Shields
  5516 | D:8      | Found a flagged portal.
  5525 | Bailey   | Entered a bailey
  5567 | Bailey   | Reached **** piety under Trog
  6153 | Bailey   | Found the ring of the Mage {Wiz Will++ Int+3}
  6159 | Bailey   | Noticed an orc knight
  6168 | Bailey   | Killed an orc knight
  6169 | Bailey   | Reached skill level 1 in Stealth
  6582 | D:8      | Reached skill level 8 in Shields
  6780 | D:8      | Noticed Erica
  6810 | D:8      | Killed Erica
  7036 | D:8      | Noticed Grum
  7045 | D:8      | Killed Grum
  7290 | D:8      | Reached XP level 11. HP: 93/93 MP: 10/10
  7293 | D:8      | Reached skill level 1 in Long Blades
  7442 | D:8      | Found a staircase to the Lair.
  7595 | D:8      | Reached skill level 9 in Shields
  8251 | D:9      | Found Annes's Magic Scroll Boutique.
  8260 | D:9      | Bought a scroll of identify for 30 gold pieces
  8260 | D:9      | Bought a scroll of magic mapping for 52 gold pieces
  8260 | D:9      | Bought a scroll of identify for 30 gold pieces
  8260 | D:9      | Bought a scroll of enchant armour for 112 gold pieces
  8260 | D:9      | Bought a scroll of identify for 30 gold pieces
  8272 | D:9      | Gained mutation: Your magical capacity is low. (-10% MP)
                  | [potion of mutation]
  8386 | D:9      | Reached skill level 10 in Shields
  8580 | D:10     | Entered Level 10 of the Dungeon
  8580 | D:10     | Noticed Erolcha
  8585 | D:9      | Killed Erolcha
  8770 | D:10     | Reached skill level 10 in Armour
  8842 | D:10     | Found Ilu Pyim's Distillery.
  8845 | D:10     | Bought a potion of heal wounds for 65 gold pieces
  8923 | D:10     | Noticed Fannar
  8941 | D:10     | Killed Fannar
  9288 | D:10     | Reached skill level 5 in Long Blades
  9500 | Lair:1   | Entered Level 1 of the Lair of Beasts
 10228 | Lair:1   | Noticed a dire elephant
 10228 | Lair:1   | Noticed a catoblepas
 10248 | Lair:1   | Found a runed translucent door.
 10341 | Lair:1   | Reached skill level 11 in Shields
 10482 | Lair:1   | Reached XP level 12. HP: 106/106 MP: 9/9
 11451 | Lair:2   | Reached skill level 10 in Fighting
 11527 | Lair:2   | Noticed a death yak
 11529 | Lair:2   | Noticed a death yak
 11540 | Lair:2   | Killed a death yak
 11543 | Lair:2   | Killed a death yak
 11721 | Lair:2   | Noticed a death yak
 11726 | Lair:2   | Noticed a death yak
 11727 | Lair:2   | Noticed a death yak
 11729 | Lair:2   | Killed a death yak
 11734 | Lair:2   | Killed a death yak
 11743 | Lair:2   | Killed a death yak
 11744 | Lair:2   | Reached skill level 12 in Shields
 12512 | Lair:3   | Noticed Urug
 12525 | Lair:3   | Killed Urug
 12785 | Lair:3   | Found a staircase to the Snake Pit.
 13411 | Lair:4   | Reached skill level 10 in Long Blades
 14057 | Lair:4   | Found a staircase to the Swamp.
 14334 | Lair:4   | Reached XP level 13. HP: 115/115 MP: 10/10
 14341 | Lair:4   | Reached skill level 13 in Shields
 15035 | Lair:1   | Killed a dire elephant
 15557 | Lair:1   | Identified the ring "Owexei" {Ice rN++ Will- Int+5}
 16281 | Lair:5   | Reached skill level 14 in Shields
 17679 | Lair:6   | Entered Level 6 of the Lair of Beasts
 17732 | Lair:6   | Reached skill level 5 in Throwing
 17944 | Lair:6   | Reached ***** piety under Trog
 18014 | Lair:6   | Found a viscous altar of Jiyva.
 18014 | Lair:6   | Found a staircase to the Slime Pits.
 18068 | Lair:6   | Reached XP level 14. HP: 104/125 MP: 11/11
 18334 | Lair:6   | Reached skill level 15 in Shields
 19004 | Lair:6   | Identified the +6 broad axe "Lyulo" {vorpal, Str+4} (Trog
                  | gifted it to you on level 6 of the Lair of Beasts)
 19004 | Lair:6   | Received a gift from Trog
 19903 | D:11     | Found a broken altar of Ashenzari.
 19988 | D:11     | Noticed Sonja
 20011 | D:11     | Killed Sonja
 20585 | D:12     | Identified the +6 trident of Doubt {pain, *Noise rElec rC-
                  | Str+8 Stlth+}
 21296 | D:12     | Found a staircase to the Orcish Mines.
 21429 | D:9      | Bought a scroll of summoning for 142 gold pieces
 21429 | D:9      | Bought a scroll of acquirement for 780 gold pieces
 21430 | D:9      | Acquired a +2 cloak of willpower
 21503 | Orc:1    | Entered Level 1 of the Orcish Mines
 21509 | Orc:1    | Noticed Nergalle
 21522 | Orc:1    | Killed Nergalle
 21797 | Orc:2    | Entered Level 2 of the Orcish Mines
 21797 | Orc:2    | Found Askekew's Self-Improvement Boutique.
 21805 | Orc:2    | Noticed an orc warlord
 21824 | Orc:2    | Killed an orc warlord
 21828 | Orc:2    | Reached skill level 16 in Shields
 21971 | Orc:2    | Found Hoimez's General Store.
 22005 | Orc:2    | Received a gift from Trog
 22006 | Orc:2    | Reached XP level 15. HP: 115/134 MP: 12/12
 22168 | Orc:2    | Bought a wand of digging (2) for 156 gold pieces
 22168 | Orc:2    | Bought a scroll of identify for 26 gold pieces
 22170 | Orc:2    | Found a staircase to the Elven Halls.
 22193 | Orc:2    | Found Hooqes's Book Boutique.
 22353 | Orc:2    | Found Ared's Antique Weapon Shoppe.
 22468 | Orc:2    | Found Jakhun's Antique Armour Shoppe.
 22947 | Orc:1    | Found a transporter.
 22981 | Orc:1    | Noticed wpisznazwe's ghost (journeyman MfMo)
 22981 | Orc:1    | Identified the +4 great mace "Edakkor" {antimagic, rC-
                  | Will+ Int+2}
 22985 | Orc:1    | Found a transporter.
 23195 | Orc:1    | Killed wpisznazwe's ghost
 23203 | Orc:1    | Identified the +5 flail of Iggo {elec, rPois Str+6 Int-5}
 23407 | D:13     | Noticed Frances
 23420 | D:13     | Killed Frances
 23430 | D:13     | Found a frozen archway.
 23470 | IceCv    | Entered an ice cave
 24168 | IceCv    | Identified the +7 spear "Igud" {freeze, Int+4 SInv}
 24315 | D:13     | Noticed Rupert
 24330 | D:13     | Killed Rupert
 24457 | D:13     | Noticed Azrael
 24471 | D:13     | Killed Azrael
 24699 | D:14     | Noticed Nessos
 24700 | D:14     | Killed Nessos
 24775 | D:14     | Found a gate to the Vaults.
 24802 | D:14     | Reached skill level 15 in Axes
 24998 | D:14     | Reached skill level 17 in Shields
 25207 | D:14     | Reached XP level 16. HP: 138/145 MP: 13/13
 25913 | Elf:1    | Entered Level 1 of the Elven Halls
 26332 | Elf:1    | Paralysed by an air elemental for 1 turns
 26909 | Elf:1    | Paralysed by an air elemental for 1 turns
 27058 | Elf:1    | Reached ****** piety under Trog
 27079 | Elf:1    | Received a gift from Trog
 27098 | Elf:1    | Reached skill level 10 in Throwing
 28218 | Elf:2    | Found Veiff's Book Shoppe.
 28595 | Elf:2    | Found Maenkitia's Antique Armour Boutique.
 28649 | Elf:2    | Found Monk's General Store.
 28651 | Elf:2    | Bought a pair of runed gloves for 157 gold pieces
 28672 | Elf:2    | Bought a potion of might for 52 gold pieces
 28672 | Elf:2    | Bought a potion of haste for 130 gold pieces
 28870 | Elf:2    | Reached skill level 1 in Polearms
 28870 | Elf:2    | Reached skill level 18 in Shields
 29061 | Elf:2    | Found a huge runed translucent gate.
 29063 | Elf:2    | Found a huge runed translucent gate.
 29068 | Elf:2    | Found a huge runed translucent gate.
 29069 | Elf:2    | Found a huge runed translucent gate.
 29069 | Elf:2    | Found a huge runed translucent gate.
 29408 | Elf:2    | Found Caukios's Antique Armour Emporium.
 29826 | Elf:2    | Received a gift from Trog
 29964 | Elf:2    | Found Ciulysm's Weapon Emporium.
 30272 | Elf:2    | Reached skill level 15 in Armour
 30458 | Elf:2    | Reached XP level 17. HP: 143/154 MP: 14/14
 31690 | Elf:3    | Entered Level 3 of the Elven Halls
 31915 | Elf:3    | Found Tilod's Weapon Shop.
 32084 | Elf:3    | Received a gift from Trog
 32288 | Elf:3    | Noticed a deep elf blademaster
 32298 | Elf:3    | Noticed a deep elf blademaster
 32309 | Elf:3    | Killed a deep elf blademaster
 32315 | Elf:3    | Noticed an Ice Fiend
 32316 | Elf:3    | Killed a deep elf blademaster
 32316 | Elf:3    | HP: 8/231 [smoke demon/divine providence[a deep elf
                  | demonologist] (9)]
 32317 | Elf:3    | HP: 1/231 [Executioner[a deep elf demonologist] (7)]
 32319 | Elf:3    | Succumbed to a deep elf blademaster's poison

Illustrated notes

Levels and vault maps discovered:
D:1:      heliophobic_arrival_battle_scene, layout_rooms, st_stairs_5
D:2:      layout_rooms, nicolae_ecumenical_snake_handling, hangedman_decor_push,
          minmay_tetromino_t2, uniq_sigmund, uniq_crazy_yiuf_cottage
D:3:      layout_loops_ring, nicolae_overflow_ecumenical_swirl,
          nicolae_vehumet_altar_sigil, mainiacjoe_overflow_brackets,
          minmay_misc_feat_four_crosses
D:4:      layout_loops_ring, nicolae_tso_carved_into_rock, uniq_pikel
D:5:      layout_rooms
D:6:      layout_cave_pools, mainiacjoe_overflow_surrounded_room,
          lightli_temple_of_fire
D:7:      layout_rooms, grunt_temple_overflow_open,
          mainiacjoe_overflow_six_doors_small, minmay_temple_entry_fiery,
          serial_shops, nicolae_shop_stone, minmay_misc_feat_cross
D:8:      layout_basic, okawaru_humans, grunt_lair_entry_orc_guard_hut,
          enter_bailey_2, minivault_1, uniq_grum, uniq_erica
D:9:      layout_long_grid, serial_shops, nicolae_lakefront_shop
D:10:     layout_cave_pools, serial_shops, kennysheep_mini,
          minmay_fire_ice_demons, uniq_erolcha, uniq_fannar
D:11:     minmay_inside_and_out, layout_rooms, nrook_mini_vaults, nicolae_wwwww,
          ashenzari_altar_1, uniq_sonja
D:12:     layout_irregular_city, hiddenorc1_lemuel
D:13:     layout_big_octagon, portal_ice_cave_entry_ice_simulacra, uniq_frances,
          uniq_azrael, uniq_rupert
D:14:     minmay_general_purpose_star, layout_long_grid, erik_vaults_2,
          hangedman_abyss_or_decor_stabs, uniq_nessos
Lair:1:   gammafunk_lair_enchanted_lake, layout_layer_cave,
          kennysheep_abandoned_house, serial_bayou_shore_b
Lair:2:   layout_long_grid, serial_bayou_shore_a, serial_bayou_shore_b
Lair:3:   layout_misc_corridors, dummy_snake_entry, grunt_megastairs_2,
          uniq_urug
Lair:4:   onia_ninara_swampy_vault, layout_regular_city,
          minmay_swamp_entry_worms
Lair:5:   dpeg_oklob_gauntlet, layout_gridlike
Lair:6:   grunt_lair_end_beastmaster, layout_gridlike, slime_altar_1,
          grunt_megastairs_3, lemuel_fruit_tree, infiniplex_staircase_pool
Orc:1:    layout_caves, gammafunk_ghost_smash, uniq_nergalle
Orc:2:    grunt_orc_gardens, layout_caves, grunt_orc_garden, grunt_orc_garden,
          grunt_orc_garden, grunt_orc_garden, nicolae_shop_self_help
Elf:1:    nicolae_elf_arrival_fired_up, layout_rooms,
          kennysheep_underground_church, nicolae_elf_blasts_and_bolts
Elf:2:    elven_hall_of_blades_hangedman_alternative
          [nicolae_vaults_blade_armed_guards], layout_loops_corners,
          serial_shops, shop, nicolae_shop_hallway_plus,
          nicolae_shop_behind_doors, nicolae_shop_stone, shop,
          palyth_stone_intersect
Elf:3:    minmay_elf_hall_circle, layout_geoelf_diagonals, serial_shops,
          nicolae_shop_stone, drop_trap, minmay_misc_feat_rows,
          nrook_loot_triangle, evilmike_minifort, uniq_louise

Skill      XL: |  1  2  3  4  5  6  7  8  9 10 11 12 13 14 15 16 17 |
---------------+----------------------------------------------------+-----
Axes           | 4 5 7 9 10 11 13 15 16 | 16.3
Fighting       | 4 5 6 7 8 9 10 11 12 13 14 | 14.8
Armour         | 3 5 6 8 9 10 11 13 14 15 | 15.3
Dodging        | 3 4 5 |  5.5
Shields        | 1 3 4 6 8 11 12 14 16 17 18 | 18.8
Throwing       | 1 2 3 4 5 6 9 11 12 | 12.2
Stealth        | 1 2 |  2.6
Long Blades    | 6 10 12 13 14 | 14.2
Polearms       | 1 2 |  2.0

Action                   |  1- 3 |  4- 6 |  7- 9 | 10-12 | 13-15 | 16-18 || total
-------------------------+-------+-------+-------+-------+-------+-------++-------
Melee: Hand axe          |    54 |    88 |   249 |   124 |       |       ||   515
       Headbutt          |    10 |    19 |    46 |   134 |   288 |   104 ||   601
       Scimitar          |       |       |       |   394 |   474 |   116 ||   984
       Broad axe         |       |       |       |       |   469 |   241 ||   710
       Spear             |       |       |       |       |       |    78 ||    78
Throw: Boomerang         |     5 |    11 |    15 |    37 |    61 |    94 ||   223
       Javelin           |       |       |     2 |     7 |       |    15 ||    24
Invok: Berserk           |     4 |     3 |     3 |     7 |    12 |     5 ||    34
       Trog's Hand       |       |     1 |     2 |     5 |    12 |     7 ||    27
       Brothers in Arms  |       |       |       |     1 |     1 |     1 ||     3
  Use: Scroll            |       |       |       |    18 |     7 |     7 ||    32
       Potion            |       |       |       |    10 |     4 |     1 ||    15
 Stab: Petrified         |       |       |       |       |    14 |       ||    14
       Confused          |       |       |       |       |     1 |       ||     1
       Petrifying        |       |       |       |       |     2 |       ||     2
Armor: Animal skin       |     4 |       |       |       |       |       ||     4
       Ring mail         |    12 |    41 |     2 |       |       |       ||    55
       Chain mail        |       |       |    96 |     8 |       |       ||   104
       Scale mail        |       |       |     5 |       |       |       ||     5
       Crystal plate arm |       |       |       |   195 |   468 |   120 ||   783
       Plate armour      |       |       |       |     2 |       |       ||     2
Dodge: Dodged            |    34 |    26 |    46 |    60 |   147 |    53 ||   366
Block: Tower shield      |    25 |    52 |   158 |   585 |  1092 |   409 ||  2321
       Reflection        |       |       |     1 |    39 |    41 |    75 ||   156

Table legend: (Time is in decaauts)
 A = Elapsed time spent in this place.
 B = Non-inter-level travel time spent in this place.
 C = Inter-level travel time spent in this place.
 D = Time resting spent in this place.
 E = Time spent auto-exploring this place.
 F = Levels seen in this place.
 G = Mean time per level.
                   A        B        C        D        E       F      G
               +--------+--------+--------+--------+--------+-----+--------+
         Total |  33063 |  31534 |   1529 |      0 |  25271 |  27 | 1224.6 |
       Dungeon |  12529 |  11906 |    623 |      0 |   9194 |  14 |  894.9 |
          Lair |  10387 |   9830 |    557 |      0 |   8253 |   6 | 1731.2 |
  Orcish Mines |   1952 |   1699 |    253 |      0 |   1275 |   2 |  976.0 |
   Elven Halls |   6364 |   6269 |     95 |      0 |   5239 |   3 | 2121.3 |
        Bailey |   1001 |   1001 |      0 |      0 |    778 |   1 | 1001.0 |
      Ice Cave |    827 |    827 |      0 |      0 |    531 |   1 |  827.0 |
               +--------+--------+--------+--------+--------+-----+--------+

Top non-repeatable levels by time:
   Elf:2: 3548 daAuts
  Lair:1: 2698 daAuts
   Elf:1: 2208 daAuts
  Lair:5: 2124 daAuts
  Lair:4: 1768 daAuts
  Lair:6: 1745 daAuts
     D:8: 1582 daAuts
     D:1: 1444 daAuts
  Lair:2: 1291 daAuts
    D:14: 1148 daAuts
    D:12: 1126 daAuts
  Bailey: 1001 daAuts
   Orc:2: 997 daAuts
     D:7: 984 daAuts
   Orc:1: 954 daAuts
